 Dungeon Crawl Stone Soup version 0.30-a0-12-gd8047c6341 (webtiles) character file.

Game seed: 17236790522903552364

4 drugrobin the Sneak (level 1, 0/19 HPs)
             Began as a Demigod Delver on Aug 24, 2022.
             Succumbed to an adder's poison
             ... on level 2 of the Dungeon.
             The game lasted 00:01:08 (357 turns).

drugrobin the Sneak (Demigod Delver)                 Turns: 357, Time: 00:01:09

Health: 0/19       AC:  3    Str: 13    XL:     1   Next: 40%
Magic:  3/3        EV: 11    Int: 12    God:
Gold:   59         SH:  0    Dex: 15    Spells: 0/0 levels left

rFire   . . .      SeeInvis .    a - +0 short sword
rCold   . . .      Faith    .    (no shield)
rNeg    . . .      Spirit   .    b - +0 leather armour
rPois   .          Reflect  .    (no helmet)
rElec   .          Harm     .    (no cloak)
rCorr   .          Rampage  .    (no gloves)
Will    .....                    (no boots)
Stlth   +++.......               m - amulet of regeneration
HPRegen 0.86/turn                (no ring)
MPRegen 0.08/turn                (no ring)

@: lethally poisoned (0 -> -7), flying
A: high MP 1, forlorn, divine attributes
a: no special abilities


You were on level 2 of the Dungeon.
You visited 1 branch of the dungeon, and saw 4 of its levels.

You collected 59 gold pieces.

Inventory:

Hand Weapons
 a - a +0 short sword (weapon)
Armour
 b - a +0 leather armour (worn)
 h - a +0 pair of gloves
Jewellery
 m - an amulet of regeneration (around neck)
Wands
 g - a wand of digging (3)
Scrolls
 c - a scroll of fog
 d - a scroll of magic mapping
 e - a scroll of fear
 j - a scroll of blinking {unknown}
 l - a scroll of identify {unknown}
Potions
 f - a potion of haste
 k - a potion of ambrosia {unknown}


   Skills:
 * Level 3.0 Fighting
 - Level 1.7 Short Blades
 - Level 1.7 Dodging
 - Level 4.5 Stealth


You couldn't memorise any spells.
You didn't know any spells.
Your spell library contained the following spells:

 Spells                   Type           Power      Damage    Failure   Level
 Sandblast                Erth           0%         2d4       38%         1
 Passwall                 Tmut/Erth      0%         N/A       54%         2
 Stone Arrow              Conj/Erth      0%         3d7       77%         3


Dungeon Overview and Level Annotations

Branches:
Dungeon (5/15)
 Temple: D:4-7

Annotations:
D:3 Terence
D:4 Ijyb


Innate Abilities, Weirdness & Mutations

You have an increased reservoir of magic. (+10% MP)
You shall have no god before yourself.
Your divine heritage dramatically boosts your attributes as you level up.


Message History

The adder poisons you!
You barely miss the adder.
You feel sick. The adder bites you but does no damage.
You hit the adder.
The adder is lightly wounded.
You feel sick. The adder closely misses you.
You hit the adder.
The adder is moderately wounded.
You feel sick. The adder bites you.
You are more poisoned.
The adder poisons you! The adder bites you but does no damage.
You barely miss the adder.
The adder is moderately wounded.
You feel very sick. The adder closely misses you.
You closely miss the adder.
The adder is moderately wounded.
You feel sick. The adder closely misses you.
You closely miss the adder.
The adder is moderately wounded.
You feel sick. The adder bites you.
You are more poisoned.
The adder poisons you!
You hit the adder but do no damage.
The adder is moderately wounded.
You feel very sick. The adder bites you.
* * * LOW HITPOINT WARNING * * *
You are more poisoned.
The adder poisons you! The adder barely misses you.
Unknown command.
a - a +0 short sword (weapon)
* * * LOW HITPOINT WARNING * * *
You feel sick.
Unknown command.
Unknown command.
It was a potion of flight.
You feel very buoyant.
You fly up into the air.
You die...

#.# #.# #.# #.# ##.##
#.# #.# ##...## #.#
#.###.....#####.#######
#.....................#
#.###.....#####.#####.#
#........## #.........
#.#####..# #.#.####..
#.# #..# #@#.# #.# #..#
#S#.# #.# #... #.#.#
#.# ##.## ..... #.###
#.# #.#.. #...# .....
###.####.#. ...
#........ ..#
#####.####.#.


You could see an adder.

Vanquished Creatures
  An endoplasm (D:2)
  A hobgoblin (D:3)
  2 rats (D:2)
4 creatures vanquished.

Notes
Turn   | Place    | Note
-------+----------+-------------------------------------------
     0 | D:5      | drugrobin the Demigod Delver began the quest for the Orb.
     0 | D:5      | Reached XP level 1. HP: 18/18 MP: 3/3
    49 | D:4      | Noticed Ijyb
    71 | D:3      | Noticed Terence
   357 | D:2      | Succumbed to an adder's poison

Illustrated notes

Levels and vault maps discovered:
D:2:      layout_loops_ring, hellmonk_ecumenical_altar_lost_god, kennysheep_nub,
          chequers_serial_rivers_small_3
D:3:      layout_loops_ring, evilmike_ruin_ashenzari, kennysheep_vampire_church,
          nicolae_sif_muna_little_library, minivault_23, uniq_terence,
          uniq_crazy_yiuf_cottage, uniq_sigmund, uniq_grinder
D:4:      layout_basic, grunt_temple_overflow_lords_of_destruction,
          nicolae_overflow_crystal_walls, mainiacjoe_overflow_paths,
          uniq_natasha, uniq_ijyb
D:5:      layout_loops_ring

Skill      XL: |  1 |
---------------+----+-----
Fighting       | 3 |  3.0
Short Blades   | |  1.7
Dodging        | |  1.7
Stealth        | |  4.5

Action                   || total
-------------------------++-------
Melee: Unarmed           ||    25
  Use: Potion            ||     1
 Stab: Sleeping          ||     3
Armor: Leather armour    ||     3
Dodge: Dodged            ||    15

Table legend: (Time is in decaauts)
 A = Elapsed time spent in this place.
 B = Non-inter-level travel time spent in this place.
 C = Inter-level travel time spent in this place.
 D = Time resting spent in this place.
 E = Time spent auto-exploring this place.
 F = Levels seen in this place.
 G = Mean time per level.
                   A        B        C        D        E       F      G
               +--------+--------+--------+--------+--------+-----+--------+
         Total |    355 |    355 |      0 |      0 |    229 |   4 |   88.8 |
       Dungeon |    355 |    355 |      0 |      0 |    229 |   4 |   88.8 |
               +--------+--------+--------+--------+--------+-----+--------+

Top non-repeatable levels by time:
     D:2: 279 daAuts
     D:5: 46 daAuts
     D:3: 20 daAuts
     D:4: 8 daAuts
